 Dungeon Crawl Stone Soup version 0.23.2-1-ga50397a (webtiles) character file.

Game seed: 2014101551604865012

8560 Fang the Fighter (level 11, 0/72 HPs)
             Began as a Gargoyle Berserker on May 31, 2019.
             Was the Champion of Trog.
             Slain by a gnoll sergeant
             ... wielding a +3 trident
              (8 damage)
             ... on level 9 of the Dungeon.
             The game lasted 00:10:26 (9331 turns).

Fang the Fighter (Gargoyle Berserker)               Turns: 9331, Time: 00:10:27

Health: 0/72       AC: 19    Str: 23    XL:     11   Next: 32%
Magic:  11/11      EV: 11    Int:  9    God:    Trog [******]
Gold:   481        SH:  3    Dex:  9    Spells: 10/10 levels left

rFire    . . .     SeeInvis .   H - +2 broad axe (freeze)
rCold    . . .     Gourm    .   (no shield)
rNeg     + . .     Faith    .   b - +0 chain mail
rPois    ∞         Spirit   .   (no helmet)
rElec    +         Reflect  +   (no cloak)
rCorr    .         Harm     .   (no gloves)
MR       ++...                  (no boots)
Stlth    ..........             y - +3 amulet of reflection
HPRegen  1.22/turn              x - ring of attention (curse)
MPRegen  0.12/turn              (no ring)

@: berserk cooldown, regenerating, slowed, very slow
A: negative energy resistance 1, electricity resistance, unbreathing,
petrification resistance, rot immunity, AC +8
a: Berserk, Trog's Hand, Brothers in Arms, Renounce Religion


You were on level 9 of the Dungeon.
You worshipped Trog.
Trog was exalted by your worship.
You were near starving.

You visited 2 branches of the dungeon, and saw 10 of its levels.

You collected 481 gold pieces.

Inventory:

Hand Weapons
 a - a +0 war axe
 H - a +2 broad axe of freezing (weapon)
Armour
 b - a +0 chain mail (worn)
Jewellery
 x - a cursed ring of attention (left hand)
 y - a +3 amulet of reflection (around neck)
 E - an uncursed ring of resist corrosion {unknown}
Wands
 q - a wand of iceblast (15)
 C - a wand of polymorph (3)
 F - a wand of flame (20)
Scrolls
 d - 8 scrolls of identify {unknown}
 f - a scroll of enchant armour {unknown}
 i - 3 scrolls of amnesia {unknown}
 l - 5 scrolls of fear {unknown}
 n - a scroll of magic mapping {unknown}
 o - 4 scrolls of remove curse {unknown}
 t - 3 scrolls of teleportation {unknown}
 D - a scroll of immolation {unknown}
 G - a scroll of blinking {unknown}
Potions
 e - a potion of ambrosia {unknown}
 g - 8 potions of curing {unknown}
 h - 4 potions of lignification {unknown}
 j - 2 potions of cancellation {unknown}
 k - a potion of mutation {unknown}
 m - a potion of haste {unknown}
 p - a potion of invisibility {unknown}
 r - 2 potions of heal wounds {unknown}
 s - 5 potions of brilliance {unknown}
 u - 2 potions of flight {unknown}
 v - a potion of berserk rage {unknown}
 w - a potion of might {unknown}
 A - 3 potions of magic {unknown}
 B - a potion of resistance {unknown}
Comestibles
 c - 16 rations


   Skills:
 + Level 10.0 Fighting
 + Level 8.4 Axes
 + Level 9.8 Armour
 + Level 7.5 Dodging


You had 10 spell levels left.
You didn't know any spells.
Your spell library was empty.

Dungeon Overview and Level Annotations

Branches:
Dungeon (9/15)             Temple (1/1) D:4             Orc (0/2) D:9
   Lair: D:8-11

Altars:
Ashenzari
Kikubaaqudgha
Makhleb
Nemelex Xobeh
Okawaru
Ru
Uskayaw
Xom
Yredelemnul

Shops:
D:5 [   D:7 (

Annotations:
D:7 1 runed translucent door


Innate Abilities, Weirdness & Mutations

You are resistant to torment.
Your stone body is resilient. (AC +8)
You are immune to poison.
You resist negative energy. (rN+)
You are resistant to electric shocks. (rElec)
You can survive without breathing.
You are immune to petrification.
You are immune to rotting.


Message History

You are no longer berserk.
You are exhausted.
You feel yourself slow down.
The gnoll sergeant hits you but does no damage.
The troll bites you!
* * * LOW HITPOINT WARNING * * *
The troll barely misses you. The troll claws you.
* * * LOW HITPOINT WARNING * * *
The gnoll sergeant hits you but does no damage.
You block the gnoll sergeant's attack. The gnoll sergeant blocks your attack.
The gnoll sergeant is almost dead.
You slash the troll! You freeze the troll.
You kill the troll!
Trog accepts your kill.
You hit the gnoll sergeant but do no damage.
The gnoll sergeant hits you but does no damage. x3
The gnoll sergeant misses you.
The gnoll sergeant hits you from afar with a +3 trident!
You die...

#.# #.# #.# ##'######
### ##...#...# ..#
##......#)####### ..#
##.......#.#8KOg8#
..####........#.#ggK..#
.....'<.......#)@gooO.#
..####........#.#gOK..#
.## ##.......#.#8go.8#
## ##......#.#######
### ##...#...# (.# ###
#+###### #.###.## #.#
#.##...###.#
........##(##


You could see an orc warrior, 3 big kobolds, 3 ogres, 5 gnoll sergeants, a gnoll
and 2 orcs.

Vanquished Creatures
  A two-headed ogre (D:8)
  A cyclops (D:9)
  Joseph (D:7)
  A troll (D:9)
  2 hippogriffs
  A hungry ghost (D:7)
  3 soldier ants (D:7)
  Menkaure (D:5)
  Duvessa (D:6)
  2 water moccasins (D:7)
  5 orc warriors
  3 sky beasts
  4 ice beasts
  3 black bears
  5 ogres
  A necrophage (D:5)
  4 centaurs
  3 phantoms
  2 crocodiles
  3 big kobolds
  3 bullfrogs
  A wyvern zombie (D:7)
  3 scorpions
  Dowan (D:6)
  13 killer bees
  5 wights (D:8)
  4 howler monkeys
  6 crimson imps
  5 orc priests
  4 hounds
  3 bullfrog skeletons
  A gnoll shaman (D:8)
  Jessica (D:3)
  Ijyb (D:3)
  An iguana (D:9)
  14 worker ants
  9 orc wizards
  A worker ant zombie (D:5)
  Robin (D:3)
  4 gnolls (D:8)
  3 howler monkey skeletons
  11 adders
  2 shadow imps
  An adder skeleton (D:5)
  An adder zombie (D:5)
  3 worms
  2 dart slugs
  11 leopard geckos
  38 orcs
  3 ball pythons
  8 giant cockroaches
  14 goblins
  7 hobgoblins
  21 jackals
  9 kobolds
  3 quokkas
  6 bats
  10 frilled lizards
  A jackal zombie (D:5)
  2 quokka skeletons
  12 rats
  A plant (D:4)
297 creatures vanquished.

Vanquished Creatures (others)
  A plant (D:4)
1 creature vanquished.

Grand Total: 298 creatures vanquished

Notes
Turn   | Place    | Note
-------+----------+-------------------------------------------
     0 | D:1      | Fang the Gargoyle Berserker began the quest for the Orb.
     0 | D:1      | Reached XP level 1. HP: 14/14 MP: 1/1
   267 | D:1      | Reached XP level 2. HP: 19/19 MP: 2/2
   606 | D:1      | Reached ** piety under Trog
   606 | D:1      | Reached XP level 3. HP: 16/24 MP: 3/3
  1256 | D:2      | Found a shattered altar of Ashenzari.
  1680 | D:2      | Found a basalt altar of Yredelemnul.
  1680 | D:2      | Found a shattered altar of Ashenzari.
  1951 | D:3      | Reached XP level 4. HP: 28/29 MP: 4/4
  2025 | D:3      | Noticed Ijyb
  2026 | D:3      | Reached skill level 4 in Fighting
  2061 | D:3      | Killed Ijyb
  2351 | D:3      | Noticed Robin
  2353 | D:3      | Reached XP level 5. HP: 32/33 MP: 5/5
  2365 | D:3      | Killed Robin
  2374 | D:3      | Reached *** piety under Trog
  2532 | D:3      | Noticed Jessica
  2541 | D:3      | Killed Jessica
  2719 | D:4      | Reached XP level 6. HP: 22/39 MP: 6/6
  2849 | D:4      | Found a staircase to the Ecumenical Temple.
  2877 | Temple   | Entered the Ecumenical Temple
  3396 | D:5      | Entered Level 5 of the Dungeon
  3428 | D:5      | Noticed a necrophage
  3439 | D:5      | Killed a necrophage
  3439 | D:5      | Reached skill level 5 in Fighting
  3439 | D:5      | Reached XP level 7. HP: 44/44 MP: 7/7
  3520 | D:5      | Found Pine Eke's Armour Shop.
  3683 | D:5      | Reached **** piety under Trog
  3709 | D:5      | Reached skill level 5 in Armour
  3725 | D:5      | Found a shimmering altar of Xom.
  3889 | D:5      | Noticed Menkaure
  3911 | D:5      | Killed Menkaure
  3911 | D:5      | Reached XP level 8. HP: 30/51 MP: 8/8
  3983 | D:5      | Reached skill level 6 in Fighting
  4051 | D:5      | Reached skill level 5 in Axes
  4547 | D:6      | Noticed a hippogriff
  4562 | D:6      | Reached XP level 9. HP: 31/56 MP: 9/9
  4562 | D:6      | Reached skill level 7 in Fighting
  4562 | D:6      | Reached skill level 5 in Dodging
  5451 | D:6      | Noticed Duvessa
  5451 | D:6      | Noticed Dowan
  5463 | D:6      | Killed Dowan
  5474 | D:6      | Killed Duvessa
  5907 | D:7      | Paralysed by fainting for 7 turns
  5931 | D:7      | Found a sparkling altar of Nemelex Xobeh.
  5948 | D:7      | Reached skill level 8 in Fighting
  5995 | D:7      | Found a hide-covered altar of Uskayaw.
  5997 | D:7      | Noticed Joseph
  6016 | D:7      | Killed Joseph
  6016 | D:7      | Reached XP level 10. HP: 55/64 MP: 10/10
  6572 | D:7      | Found Imaich's Antique Weapon Emporium.
  6707 | D:7      | Found a runed translucent gate.
  6707 | D:7      | Found a runed translucent gate.
  6708 | D:7      | Found a runed translucent gate.
  6715 | D:7      | Found a runed translucent door.
  6725 | D:7      | Found the +9 staff of Olgreb {rPois}
  6746 | D:7      | Found a runed translucent door.
  6779 | D:7      | Reached ***** piety under Trog
  7093 | D:7      | Found an ancient bone altar of Kikubaaqudgha.
  7094 | D:7      | Found a sacrificial altar of Ru.
  7196 | D:7      | Reached skill level 9 in Fighting
  7654 | D:8      | Found an iron altar of Okawaru.
  7938 | D:8      | Noticed a two-headed ogre
  7947 | D:8      | Killed a two-headed ogre
  7947 | D:8      | Reached XP level 11. HP: 62/72 MP: 11/11
  8026 | D:8      | Found a burning altar of Makhleb.
  8939 | D:9      | Reached ****** piety under Trog
  9007 | D:9      | Received a gift from Trog
  9028 | D:9      | Noticed a cyclops
  9037 | D:9      | Killed a cyclops
  9037 | D:9      | Reached skill level 10 in Fighting
  9303 | D:9      | Found a staircase to the Orcish Mines.
  9331 | D:9      | Slain by a gnoll sergeant

Skill      XL: |  1  2  3  4  5  6  7  8  9 10 11 |
---------------+----------------------------------+-----
Axes           | 3 4 5 6 8 |  8.4
Dodging        | 2 3 4 5 7 |  7.5
Armour         | 3 4 5 6 7 9 |  9.8
Fighting       | 4 5 6 8 9 10 | 10.0

Action                   |  1- 3 |  4- 6 |  7- 9 | 10-12 || total
-------------------------+-------+-------+-------+-------++-------
Melee: Hand axe          |   145 |   331 |    72 |       ||   548
       War axe           |       |       |   285 |   403 ||   688
       Unarmed           |       |       |     8 |       ||     8
       Broad axe         |       |       |       |    27 ||    27
Invok: Berserk           |       |     2 |     4 |     7 ||    13
       Trog's Hand       |       |       |     2 |     2 ||     4
  Eat: Chunk             |     3 |     6 |    14 |    13 ||    36
       Ration            |       |       |     2 |     1 ||     3
Armor: Animal skin       |    29 |       |       |       ||    29
       Chain mail        |    29 |   188 |   374 |   304 ||   895
Dodge: Dodged            |    88 |   143 |   217 |   267 ||   715
Block: Other             |       |       |    40 |    77 ||   117
       Reflection        |       |       |     3 |     1 ||     4
